 Dungeon Crawl Stone Soup version 0.27-a0-1177-g245c70e1c0 (webtiles) character file.

Game seed: 9751859167295962417

51 Grimdewalt the Ducker (level 4, -5/34 HPs)
             Began as a Djinni Warper on May 16, 2021.
             Slain by a gnoll
             ... wielding a +0 flail of protection
              (10 damage)
             ... on level 1 of the Dungeon.
             The game lasted 00:02:05 (1695 turns).

Grimdewalt the Ducker (Djinni Warper)               Turns: 1695, Time: 00:02:06

Health: -5/34      AC:  3    Str: 11    XL:     4   Next: 7%
Gold:   48         EV: 12    Int: 15    God:
                   SH:  0    Dex: 12

rFire    + + +     SeeInvis .   a - +0 mace
rCold    x . .     Faith    .   (no shield)
rNeg     . . .     Spirit   .   b - +0 leather armour
rPois    ∞         Reflect  .   (no helmet)
rElec    .         Harm     .   (no cloak)
rCorr    .         Rampage  .   (no gloves)
Will     .....                  (boots unavailable)
Stlth    +.........             (no amulet)
HPRegen  0.11/turn              c - ring of protection from fire
MPRegen  0.00/turn              (no ring)

@: flying
A: sickness immunity, fire resistance 2, cold vulnerability 1, float, innate
caster, hp casting, extra vitality 1
a: no special abilities


You were on level 1 of the Dungeon.
You visited 1 branch of the dungeon, and saw 2 of its levels.

You collected 48 gold pieces.

Inventory:

Hand Weapons
 a - a +0 mace (weapon)
Missiles
 e - 5 boomerangs of dispersal (quivered)
 f - a throwing net
 l - 4 boomerangs
Armour
 b - a +0 leather armour (worn)
Jewellery
 c - a ring of protection from fire (left hand)
 g - a ring of fire
 j - an amulet of reflection
Scrolls
 d - a scroll of blinking
 i - a scroll of teleportation {unknown}
 m - 2 scrolls of noise {unknown}
Potions
 h - a potion of haste {unknown}
 k - a potion of might {unknown}


   Skills:
 + Level 2.5 Fighting
 + Level 2.1 Maces & Flails
 - Level 0.7 Throwing
 - Level 1.0 Armour
 + Level 2.9 Dodging
 + Level 2.7 Spellcasting


You couldn't memorise any spells.
You knew the following spells:

 Your Spells              Type           Power      Damage    Failure   Level
a - Blink                 Tloc           N/A        N/A       13%         2
b - Lesser Beckoning      Tloc           5%         N/A       26%         3
c - Gell's Gravitas       Tloc           5%         N/A       26%         3
d - Teleport Other        Tloc           10%        N/A       26%         3
e - Manifold Assault      Tloc           10%        N/A       94%         5
f - Summon Small Mammal   Summ           40%        N/A       9%          1
Your spell library was empty.

Dungeon Overview and Level Annotations

Branches:
Dungeon (2/15)

Altars:


Innate Abilities, Weirdness & Mutations

You are immune to sickness and miasma.
You are immune to poison.
Your flesh is very heat resistant. (rF++)
You are vulnerable to cold. (rC-)
You float through the air rather than walking.
You learn spells naturally, not from books.
Your magical power is your life essence.
You have superior vitality. (+4 HP)


Message History

No target in view!
No target in view!
No target in view!
No target in view!
No target in view!
No target in view!
No target in view!
A rat comes into view.
A rat is nearby!
A rat is nearby!
The rat closely misses you.
You hit the rat but do no damage. The rat misses you.
You barely miss the rat. The rat bites you but does no damage.
The rat closely misses you.
You barely miss the rat. The rat barely misses you.
You hit the rat but do no damage. The rat closely misses you.
You barely miss the rat. The rat closely misses you. The rat bites you.
You closely miss the rat. The rat barely misses you.
You hit the rat.
You kill the rat!
No target in view!
No target in view!
No target in view!
Found a stone staircase leading up.
Key pressed, stopping explore.
A gnoll comes into view.
It is wielding a +0 flail of protection.
The gnoll shouts!
You hear a shout! 2 gnolls come into view.
The gnoll shouts!
The gnoll falls through a shaft!
The shaft crumbles and collapses.
You see here a rat corpse.
There is a stone staircase leading up here.
The gnoll hits you with a +0 flail of protection.
You fly upwards.
There is a stone staircase leading down here.
You sock the gnoll!
The gnoll is heavily wounded.
The gnoll hits you with a +0 flail of protection!
You hit the gnoll but do no damage.
The gnoll is heavily wounded.
The gnoll misses you.
You hit the gnoll.
The gnoll is almost dead.
The gnoll hits you with a +0 flail of protection!
The gnoll hits you with a +0 flail of protection.
* * * LOW HITPOINT WARNING * * *
You hit the gnoll but do no damage.
The gnoll is almost dead.
The gnoll hits you with a +0 flail of protection!
You die...

#..#### ##...## #.#
#.....# ##'## #.# #...#.#
#.# #.# ##....# #.# #.#
#.#.## ##.## #.# ##.#.###
###...#######.#
.......####..).......##.#
#.##........#...g###.##.#
#.####.#######)#@# #....#
#.####.# #.#.###.####
#......# #.#.....#
######## #.####### ##
#.### .########### #...#
.##........# #.#.#
........##:# #.#.# #####
#.#####.##.#
#.#.########...#


You could see a gnoll.

Vanquished Creatures
  2 adders (D:2)
  2 dart slugs (D:1)
  3 bats (D:1)
  An endoplasm (D:1)
  A giant cockroach (D:1)
  A goblin (D:1)
  2 hobgoblins (D:1)
  6 jackals (D:1)
  4 kobolds (D:1)
  A quokka (D:1)
  3 rats
26 creatures vanquished.

Notes
Turn   | Place    | Note
-------+----------+-------------------------------------------
     0 | D:1      | Grimdewalt the Djinni Warper began the quest for the Orb.
     0 | D:1      | Reached XP level 1. HP: 18/18 MP: 0/0
   187 | D:1      | Reached XP level 2. HP: 17/23 MP: 0/0
   561 | D:1      | Reached XP level 3. HP: 29/29 MP: 0/0
   561 | D:1      | Learned a level 1 spell: Summon Small Mammal
  1406 | D:1      | Found a faded altar of an unknown god.
  1542 | D:2      | Reached XP level 4. HP: 27/34 MP: 0/0
  1695 | D:1      | Slain by a gnoll

Illustrated notes

Levels and vault maps discovered:
D:1:      dpeg_arrival_simpleton_a, layout_loops_corners,
          hellmonk_ecumenical_altar_heavens_door
D:2:      layout_rooms, st_stairs_8

Skill      XL: |  1  2  3 |
---------------+----------+-----
Maces & Flails | 2 |  2.1
Fighting       | |  2.5
Throwing       | |  0.7
Armour         | |  1.0
Dodging        | |  2.9
Spellcasting   | |  2.7

Action                   |  1- 3 |  4- 6 || total
-------------------------+-------+-------++-------
Melee: Mace              |    87 |    13 ||   100
Armor: Leather armour    |    38 |     3 ||    41
Dodge: Dodged            |    81 |     9 ||    90

Table legend: (Time is in decaauts)
 A = Elapsed time spent in this place.
 B = Non-inter-level travel time spent in this place.
 C = Inter-level travel time spent in this place.
 D = Time resting spent in this place.
 E = Time spent auto-exploring this place.
 F = Levels seen in this place.
 G = Mean time per level.
                   A        B        C        D        E       F      G
               +--------+--------+--------+--------+--------+-----+--------+
         Total |   1724 |   1679 |     45 |     93 |   1357 |   2 |  862.0 |
       Dungeon |   1724 |   1679 |     45 |     93 |   1357 |   2 |  862.0 |
               +--------+--------+--------+--------+--------+-----+--------+

Top non-repeatable levels by time:
     D:1: 1514 daAuts
     D:2: 210 daAuts
